 Dungeon Crawl Stone Soup version 0.30-a0-121-gb27577e5d9 (webtiles) character file.

Game seed: 13364040967529892367

1969 Newt the Magician (level 9, -21/65 HPs)
             Began as a Demonspawn Gladiator on Sept 14, 2022.
             Was a Follower of Dithmenos.
             Demolished by a skeletal warrior
             ... wielding a +0 scimitar
              (27 damage)
             ... on level 7 of the Dungeon.
             The game lasted 00:10:08 (8279 turns).

Newt the Magician (Demonspawn Gladiator)            Turns: 8279, Time: 00:10:08

Health: -21/65     AC: 16    Str: 16    XL:     9   Next: 0%
Magic:  16/16      EV: 13    Int:  9    God:    Dithmenos [*.....]
Gold:   195        SH:  0    Dex: 18    Spells: 17/18 levels left

rFire   . . .      SeeInvis .    y - +4 dagger (freeze)
rCold   . . .      Faith    .    (no shield)
rNeg    . . .      Spirit   .    b - +0 leather armour
rPois   .          Reflect  .    c - +0 helmet
rElec   +          Harm     .    (no cloak)
rCorr   .          Rampage  .    q - +0 pair of gloves
Will    .....                    (no boots)
Stlth   +.........               (no amulet)
HPRegen 0.20/turn                (no ring)
MPRegen 0.15/turn                (no ring)

@: confused, about to teleport, ambrosia-drunk, wreathed by umbra
A: icy blue scales 1, icemail 2, condensation shield, demonic magic 1, weakness
stinger 1, electricity resistance, wild magic 1
a: Renounce Religion


You were on level 7 of the Dungeon.
You worshipped Dithmenos.
Dithmenos was aware of your devotion.
You visited 2 branches of the dungeon, and saw 8 of its levels.

You collected 403 gold pieces.
You spent 208 gold pieces at shops.

Inventory:

Hand Weapons
 a - a +1 rapier
 i - a +2 dagger of draining
 n - a +0 dagger
 o - a +0 mace
 y - a +4 dagger of freezing (weapon)
Missiles
 e - a javelin
 k - 3 curare-tipped darts
 r - 5 poisoned darts
Armour
 b - a +0 leather armour (worn)
 c - a +0 helmet (worn)
 g - an orb of guile
 q - a +0 pair of gloves (worn)
 x - the +1 chain mail "Ucukled" {Dex+4}
   (You found it on level 4 of the Dungeon)

   Dex:       It affects your dexterity (+4).
 A - a +2 robe of positive energy
Jewellery
 w - a ring of fire
Scrolls
 p - a scroll of teleportation
 v - 3 scrolls of identify
 B - a scroll of amnesia
 D - a scroll of magic mapping
Potions
 f - a potion of might
 h - a potion of haste
 j - 2 potions of attraction
 l - a potion of berserk rage
 m - a potion of flight
 t - a potion of mutation
 u - a potion of lignification {unknown}
 z - 2 potions of curing {unknown}
 C - 2 potions of brilliance {unknown}


   Skills:
 - Level 4.0 Fighting
 + Level 4.7 Short Blades
 - Level 1.7 Throwing
 - Level 5.0 Armour
 - Level 4.0 Dodging
 - Level 2.0 Stealth
 - Level 5.0 Spellcasting
 - Level 5.0 Hexes


You had 17 spell levels left.
You knew the following spells:

 Your Spells              Type           Power      Damage    Failure   Level
a - Slow                  Hex            56%        N/A       6%          1

Your spell library contained the following spells:

 Spells                   Type           Power      Damage    Failure   Level
 Confusing Touch          Hex            14%        N/A       16%         3
 Foxfire                  Conj/Fire      8%         2x1d4     36%         1
 Magic Dart               Conj           8%         1d3       36%         1
 Necrotise                Necr           8%         1d4       36%         1
 Inner Flame              Hex/Fire       8%         N/A       38%         3
 Call Imp                 Summ           2%         N/A       50%         2
 Kindle Blastsparks       Fire/Tloc/Air  4%         2d10      73%         3
 Mephitic Cloud           Conj/Pois/Air  2%         N/A       73%         3
 Vampiric Draining        Necr           2%         2d6       73%         3
 Flame Wave               Conj/Fire      2%         2d4       98%         4
 Agony                    Necr           2%         N/A       100%        5


Dungeon Overview and Level Annotations

Branches:
Dungeon (7/15)             Temple (1/1) D:4

Altars:
Ashenzari
Dithmenos
Gozag
Hepliaklqana
Kikubaaqudgha
Makhleb
Okawaru
Ru
Uskayaw
Vehumet
Wu Jian
Xom
Yredelemnul

Shops:
D:6 ?   D:7 ?


Innate Abilities, Weirdness & Mutations

You are partially covered in icy blue scales. (AC +2)
A meltable icy envelope protects you from harm. (AC +8)
A meltable shield of frost defends you. (SH +4)
Spells you cast may paralyse adjacent enemies.
You have a small tail.
You are resistant to electric shocks. (rElec)
Your spells are a little harder to cast, but a little more powerful.


Message History

Malevolent energies surge around you.
The skeletal warrior hits you with a +0 scimitar.
You barely miss the skeletal warrior.
The skeletal warrior hits you with a +0 scimitar.
You closely miss the skeletal warrior. Your punch misses the skeletal warrior.
You hit the skeletal warrior but do no damage.
The skeletal warrior hits you but does no damage.
You hit the skeletal warrior but do no damage.
You tail-slap the skeletal warrior, but do no damage.
The skeletal warrior hits you with a +0 scimitar.
You hit the skeletal warrior.
The skeletal warrior is lightly damaged.
The skeletal warrior hits you but does no damage.
You barely miss the skeletal warrior.
The skeletal warrior is lightly damaged.
You hit the skeletal warrior but do no damage.
The skeletal warrior is lightly damaged.
The skeletal warrior hits you with a +0 scimitar!!
Throw: throwing net
Press: ? - help, Shift-Dir - straight line, f/p - skeletal warrior
Aim: a skeletal warrior, wielding a +0 scimitar (lightly damaged, umbra, 63% to hit)
You throw a throwing net.
The throwing net barely misses the skeletal warrior.
A vampire mosquito comes into view.
The skeletal warrior hits you with a +0 scimitar!
* * * LOW HITPOINT WARNING * * *
A vampire comes into view.
The vampire mosquito buzzes angrily.
Unknown command.
As you read the scroll of teleportation, it crumbles to dust.
You feel strangely unstable.
The skeletal warrior hits you with a +0 scimitar!
* * * LOW HITPOINT WARNING * * *
You block the vampire mosquito's attack.
Unknown command.
You are confused.
You feel invigorated.
The vampire mosquito closely misses you.
The skeletal warrior hits you with a +0 scimitar!!
You die...

#.# #.. #.# ...##
#.# #.#### ....# #.#
#....# ## ###...#
##.# ##....# ..
..#...# ##...
#.....# .###V. #.(#
#..#. #.#...# #(..#
#..####(##. ##.#...#
#zy.# #.##....##.
##......# #@..#
#....#####.
####.......#
##.#####........>.
#......#...#
#.................
####.###...#
#.>..?..........#.
##.# #...#
#..........####...
##..# ##.##
##..........##....
#..## #.#
#.......##.#.....
##.### #.#
##............##..
##...## #.#
###..##.#####..###..


You could see a skeletal warrior, a vampire and a vampire mosquito.

Vanquished Creatures
  Sigmund (D:5)
  A steam dragon (D:6)
  A water moccasin (D:6)
  An orc warrior (D:7)
  An ice beast (D:5)
  2 black bears
  An ogre (D:5)
  A centaur (D:7)
  A phantom (D:4)
  2 necrophages
  2 scorpions (D:6)
  A howler monkey (D:7)
  2 jellies (D:5)
  2 orc priests
  6 hounds
  2 orc wizards
  3 iguanas
  10 gnolls
  8 adders
  2 white imps
  An ufetubus (D:6)
  2 worms
  3 dart slugs
  21 orcs
  5 ball pythons
  7 endoplasms
  4 giant cockroaches
  8 goblins
  5 hobgoblins
  11 kobolds
  2 quokkas
  2 bats (D:1)
  4 frilled lizards
  3 rats
128 creatures vanquished.

Notes
Turn   | Place    | Note
-------+----------+-------------------------------------------
     0 | D:1      | Newt the Demonspawn Gladiator began the quest for the Orb.
     0 | D:1      | Reached XP level 1. HP: 16/16 MP: 1/1
   139 | D:1      | Reached skill level 1 in Stealth
   548 | D:1      | Gained mutation: A meltable shield of frost defends you.
                  | (SH +4) [demonic ancestry]
   548 | D:1      | Reached XP level 2. HP: 22/22 MP: 2/2
  1402 | D:2      | Gained mutation: A meltable icy envelope protects you from
                  | harm. (AC +8) [demonic ancestry]
  1402 | D:2      | Reached XP level 3. HP: 25/28 MP: 3/3
  1827 | D:2      | Gained mutation: Spells you cast may paralyse adjacent
                  | enemies. [demonic ancestry]
  1827 | D:2      | Reached XP level 4. HP: 37/37 MP: 4/4
  2561 | D:3      | Reached XP level 5. HP: 42/42 MP: 5/5
  3177 | D:4      | Gained mutation: You are resistant to electric shocks.
                  | (rElec) [potion of mutation]
  3177 | D:4      | Gained mutation: Your spells are a little harder to cast,
                  | but a little more powerful. [potion of mutation]
  3235 | D:4      | Found a staircase to the Ecumenical Temple.
  3249 | Temple   | Entered the Ecumenical Temple
  3256 | Temple   | Became a worshipper of Dithmenos the Shadowed
  3268 | D:4      | Noticed a phantom
  3306 | D:4      | Killed a phantom
  3673 | D:4      | Identified the +1 chain mail "Ucukled" {Dex+4}
  3748 | D:4      | Gained mutation: You have a small tail. [demonic ancestry]
  3748 | D:4      | Reached XP level 6. HP: 48/48 MP: 9/9
  4115 | D:4      | Found a sacrificial altar of Ru.
  4131 | D:4      | Reached * piety under Dithmenos
  4338 | D:5      | Entered Level 5 of the Dungeon
  4496 | D:5      | Noticed Sigmund
  4524 | D:5      | Killed Sigmund
  4525 | D:5      | Gained mutation: You are partially covered in icy blue
                  | scales. (AC +2) [demonic ancestry]
  4525 | D:5      | Reached XP level 7. HP: 42/54 MP: 11/14
  4875 | D:5      | Reached skill level 5 in Spellcasting
  4875 | D:5      | Reached skill level 1 in Hexes
  5745 | D:5      | Reached XP level 8. HP: 44/60 MP: 15/15
  6042 | D:6      | Reached skill level 5 in Hexes
  6042 | D:6      | Reached skill level 1 in Armour
  6044 | D:6      | Learned a level 1 spell: Slow
  6090 | D:6      | Found Weujup's Magic Scroll Emporium.
  6658 | D:6      | Bought a scroll of brand weapon for 142 gold pieces
  7588 | D:7      | Reached skill level 5 in Armour
  8141 | D:7      | Found Tokhisuq's Magic Scroll Shop.
  8154 | D:7      | Gained mutation: A meltable icy envelope protects you from
                  | harm. (AC +8) [demonic ancestry]
  8154 | D:7      | Reached XP level 9. HP: 58/65 MP: 16/16
  8191 | D:7      | Bought a scroll of identify for 22 gold pieces
  8191 | D:7      | Bought a scroll of identify for 22 gold pieces
  8191 | D:7      | Bought a scroll of identify for 22 gold pieces
  8262 | D:7      | Noticed a skeletal warrior
  8278 | D:7      | HP: 2/65 [skeletal warrior/+0 scimitar (12)]
  8279 | D:7      | Demolished by a skeletal warrior

Illustrated notes

Levels and vault maps discovered:
D:1:      psy_arrival_terrarium, layout_loops_ring, minmay_crystal_room
D:2:      layout_basic, minmay_ruptured
D:3:      layout_basic, grunt_ministairs_14, nicolae_figureground_pulse
D:4:      layout_gridville, hangedman_ru_absence, minmay_temple_entry_mini_moons
D:5:      layout_cave_pods, abandoned_shop, kennysheep_donut, solitary_fountain,
          uniq_sigmund
D:6:      layout_loops_ring, nicolae_wooded_promenade,
          amcnicky_mini_corridor_feature, minmay_curled_crystal
D:7:      minmay_blocky_corners, layout_rooms, serial_shops,
          kennysheep_little_box
Temple:   nicolae_temple_no_exploring_needed

Skill      XL: |  1  2  3  4  5  6  7  8 |
---------------+-------------------------+-----
Stealth        | 1 2 |  2.0
Fighting       | 3 4 |  4.0
Dodging        | 3 4 |  4.0
Spellcasting   | 2 4 5 |  5.0
Hexes          | 4 5 |  5.0
Armour         | 5 |  5.0
Short Blades   | 4 |  4.7
Throwing       | |  1.7

Action                   |  1- 3 |  4- 6 |  7- 9 || total
-------------------------+-------+-------+-------++-------
Melee: Rapier            |    44 |       |       ||    44
       Dagger            |    31 |   238 |   210 ||   479
       Tailslap          |       |    28 |    38 ||    66
       Punch             |       |       |     3 ||     3
Throw: Throwing net      |     2 |     6 |     2 ||    10
       Javelin           |       |     1 |     1 ||     2
       Dart              |       |       |     4 ||     4
 Cast: Slow              |       |       |    18 ||    18
  Use: Scroll            |     5 |     5 |     7 ||    17
       Potion            |       |     2 |     4 ||     6
 Stab: Sleeping          |     4 |     2 |     1 ||     7
       Distracted        |       |     1 |       ||     1
       Held in net/web   |       |     2 |       ||     2
       Paralysed         |       |       |     2 ||     2
Armor: Leather armour    |    15 |    46 |    25 ||    86
       Chain mail        |       |    54 |    67 ||   121
Dodge: Dodged            |    27 |    93 |   125 ||   245
Block: Other             |    10 |    34 |    34 ||    78

Table legend: (Time is in decaauts)
 A = Elapsed time spent in this place.
 B = Non-inter-level travel time spent in this place.
 C = Inter-level travel time spent in this place.
 D = Time resting spent in this place.
 E = Time spent auto-exploring this place.
 F = Levels seen in this place.
 G = Mean time per level.
                   A        B        C        D        E       F      G
               +--------+--------+--------+--------+--------+-----+--------+
         Total |   8214 |   7986 |    228 |   2002 |   4913 |   8 | 1026.8 |
       Dungeon |   8199 |   7978 |    221 |   2002 |   4913 |   7 | 1171.3 |
        Temple |     14 |      7 |      7 |      0 |      0 |   1 |   14.0 |
               +--------+--------+--------+--------+--------+-----+--------+

Top non-repeatable levels by time:
     D:6: 1640 daAuts
     D:5: 1570 daAuts
     D:1: 1243 daAuts
     D:4: 1142 daAuts
     D:2: 972 daAuts
     D:3: 946 daAuts
     D:7: 684 daAuts
  Temple: 14 daAuts
